 Dungeon Crawl Stone Soup version 0.30-a0-916-g9813417 (webtiles) character file.

Game seed: 11721800191424097816

311 Dorkslayer the Trooper (level 6, -3/38 HPs)
             Began as a Gargoyle Fighter on Mar 24, 2023.
             Slain by an ogre
             ... wielding a +0 giant club
              (15 damage)
             ... on level 4 of the Dungeon.
             The game lasted 00:14:38 (2916 turns).

Dorkslayer the Trooper (Gargoyle Fighter)           Turns: 2916, Time: 00:14:40

Health: -3/38      AC: 17    Str: 20    XL:     6   Next: 42%
Magic:  6/6        EV:  8    Int:  8    God:
Gold:   194        SH:  5    Dex: 17    Spells: 5/5 levels left

rFire   . . .      SeeInvis .    a - +0 war axe
rCold   . . .      Faith    .    c - +0 buckler
rNeg    + . .      Spirit   .    h - +1 chain mail
rPois   ∞          Reflect  .    (no helmet)
rElec   +          Rampage  .    (no cloak)
rCorr   .                        m - +0 pair of gloves
Will    .....                    f - +0 pair of boots Stlth
                                 (no amulet)
HPRegen 0.26/turn                j - +6 ring of dexterity
MPRegen 0.10/turn                (no ring)

@: no status effects
A: sickness immunity, AC +4, negative energy resistance 1, electricity
resistance, torment resistance 1, petrification resistance
a: no special abilities


You were on level 4 of the Dungeon.
You visited 1 branch of the dungeon, and saw 4 of its levels.

You collected 194 gold pieces.

Inventory:

Hand Weapons
 a - a +0 war axe (weapon)
Armour
 c - a +0 buckler (worn)
 f - a +0 pair of boots (worn)
 h - a +1 chain mail (worn)
 m - a +0 pair of gloves (worn)
Jewellery
 j - a +6 ring of dexterity (left hand)
Wands
 q - a wand of iceblast (9)
Scrolls
 b - a scroll of blinking
 k - 2 scrolls of enchant weapon
 n - a scroll of teleportation
 p - a scroll of fog {unknown}
Potions
 d - a potion of might
 e - a potion of haste
 g - a potion of berserk rage
 i - a potion of curing
 l - 2 potions of attraction


   Skills:
 + Level 4.3 Fighting
 + Level 2.9 Axes
 + Level 4.1 Armour
 + Level 2.3 Dodging
 + Level 4.2 Shields
 * Level 1.7 Evocations


You had 5 spell levels left.
You didn't know any spells.
Your spell library contained the following spells:

 Spells                   Type           Power      Damage    Failure   Level
 Apportation              Tloc           0%         N/A       99%         1
 Necrotise                Necr           0%         1d4       99%         1
 Summon Small Mammal      Summ           0%         N/A       99%         1
 Inner Flame              Hex/Fire       0%         N/A       100%        3
 Cause Fear               Hex            0%         N/A       100%        4
 Manifold Assault         Tloc           0%         N/A       100%        4
 Dispersal                Tloc           0%         N/A       100%        6
 Discord                  Hex            0%         N/A       100%        8
 Disjunction              Tloc           0%         N/A       100%        8


Dungeon Overview and Level Annotations

Branches:
Dungeon (4/15)
 Temple: D:4-7

Altars:

Shops:
D:2 (


Innate Abilities, Weirdness & Mutations

You are immune to sickness and miasma.
Your stone body is resilient. (AC +4)
You are immune to poison.
You resist negative energy. (rN+)
You are resistant to electric shocks. (rElec)
You are resistant to unholy torment.
You are immune to petrification.


Message History

You now have 194 gold pieces (gained 6).
Found two stone staircases leading down.
There is a stone staircase leading down here.
A shadow imp comes into view.
The shadow imp shouts!
The shadow imp hits you but does no damage.
You hit the shadow imp.
The shadow imp is moderately wounded.
You block the shadow imp's attack.
You slash the shadow imp!
You kill the shadow imp!
Found 6 stones.
An ogre comes into view. It is wielding a +0 giant club.
The ogre closely misses you.
You slash the ogre!
The ogre is heavily wounded.
The ogre hits you with a +0 giant club! The ogre barely misses you.
You barely miss the ogre.
The ogre is heavily wounded.
The ogre closely misses you.
You slash the ogre!
The ogre is severely wounded.
The ogre barely misses you.
You barely miss the ogre.
The ogre is severely wounded.
The ogre completely misses you.
You barely miss the ogre.
The ogre is severely wounded.
The ogre completely misses you.
You hit the ogre.
The ogre is almost dead.
The ogre hits you with a +0 giant club!
You barely miss the ogre.
The ogre is almost dead.
The ogre barely misses you.
You hit the ogre but do no damage.
The ogre is almost dead.
The ogre hits you with a +0 giant club!
You die...

#.............####.....##
..........###(..........#
#.........##....##..###...
#.........#....##....## ..
#.........#...###.....# ##
#............## #.....#..
##..........# ##........#
#..........# #.O.......#
##........# #@........#
#.......# ##........#
##.....## #.........
###..## #......... .....
##...# #......... ......
###...## #........ .......
##....## ##...............
#.....# ....#. ........
......# ........


You could see an ogre.

Vanquished Creatures
  A sky beast (D:4)
  A scorpion (D:4)
  Ijyb (D:3)
  An iguana (D:4)
  A gnoll (D:1)
  2 adders
  A shadow imp (D:4)
  5 worms
  4 orcs (D:4)
  4 ball pythons
  2 endoplasms
  3 giant cockroaches
  7 goblins
  4 hobgoblins
  5 jackals
  5 kobolds
  2 quokkas
  5 bats
  2 frilled lizards (D:1)
  2 rats
58 creatures vanquished.

Vanquished Creatures (others)
  3 plants (D:1)
3 creatures vanquished.

Grand Total: 61 creatures vanquished

Notes
Turn   | Place    | Note
-------+----------+-------------------------------------------
     0 | D:1      | Dorkslayer the Gargoyle Fighter began the quest for the
                  | Orb.
     0 | D:1      | Reached XP level 1. HP: 14/14 MP: 1/1
   262 | D:1      | Reached XP level 2. HP: 11/19 MP: 2/2
   521 | D:1      | Reached skill level 1 in Dodging
   824 | D:2      | Reached XP level 3. HP: 23/23 MP: 3/3
  1679 | D:2      | Found Toide's Antique Weapon Shoppe.
  1971 | D:3      | Reached XP level 4. HP: 29/29 MP: 4/4
  2367 | D:3      | Noticed Ijyb
  2380 | D:3      | Killed Ijyb
  2554 | D:4      | Reached XP level 5. HP: 29/33 MP: 5/5
  2603 | D:4      | Reached skill level 1 in Evocations
  2731 | D:4      | Noticed a sky beast
  2738 | D:4      | Killed a sky beast
  2739 | D:4      | Reached XP level 6. HP: 37/38 MP: 6/6
  2916 | D:4      | Slain by an ogre

Illustrated notes

Levels and vault maps discovered:
D:1:      nzn_arrival_settlement, layout_loops_ring,
          corexii_item_surrounded_by_moat, nicolae_grassy_gnolls
D:2:      layout_basic, serial_shops, shop, minmay_misc_feat_nine_boxes
D:3:      layout_basic, uniq_ijyb
D:4:      layout_cave_pods

Skill      XL: |  1  2  3  4  5 |
---------------+----------------+-----
Axes           | 2 |  2.9
Dodging        | 1 2 |  2.3
Fighting       | 4 |  4.3
Evocations     | 1 |  1.7
Shields        | 4 |  4.2
Armour         | 4 |  4.1

Action                     |  1- 3 |  4- 6 || total
---------------------------+-------+-------++-------
  Melee: War axe           |   101 |    81 ||   182
    Use: Potion            |     2 |     1 ||     3
         Scroll            |     5 |     3 ||     8
 Armour: Scale mail        |     8 |       ||     8
         Chain mail        |    50 |    49 ||    99
  Dodge: Dodged            |    34 |    29 ||    63
  Block: Buckler           |    32 |    22 ||    54

Table legend: (Time is in decaauts)
 A = Elapsed time spent in this place.
 B = Non-inter-level travel time spent in this place.
 C = Inter-level travel time spent in this place.
 D = Time resting spent in this place.
 E = Time spent auto-exploring this place.
 F = Levels seen in this place.
 G = Mean time per level.
                   A        B        C        D        E       F      G
               +--------+--------+--------+--------+--------+-----+--------+
         Total |   2992 |   2992 |      0 |      0 |   1506 |   4 |  748.0 |
       Dungeon |   2992 |   2992 |      0 |      0 |   1506 |   4 |  748.0 |
               +--------+--------+--------+--------+--------+-----+--------+

Top non-repeatable levels by time:
     D:2: 1056 daAuts
     D:1: 836 daAuts
     D:3: 630 daAuts
     D:4: 468 daAuts
